 Dungeon Crawl Stone Soup version 0.20.1-1-g8b1a95d (webtiles) character file.

154 KleinerIrrer the Shield-Bearer (level 5, 0/33 HPs)
             Began as a Gargoyle Fighter on July 3, 2017.
             Slain by an orc
             ... wielding a +2 flail of crushing
              (2 damage)
             ... on level 3 of the Dungeon.
             The game lasted 00:03:26 (1599 turns).

KleinerIrrer the Shield-Bearer (Gargoyle Fighter)   Turns: 1599, Time: 00:03:27

Health: 0/33       AC: 11    Str: 25    XL:     5   Next: 36%
Magic:  5/5        EV:  7    Int: 14    God:
Gold:   96         SH: 10    Dex:  9    Spells: 4/4 levels left

rFire    . . .     SeeInvis .   a - +0 flail
rCold    + . .     Gourm    .   c - +0 shield
rNeg     + . .     Faith    .   b - +0 scale mail
rPois    ∞         Spirit   .   (no helmet)
rElec    +         Reflect  .   (no cloak)
rCorr    .         Harm     .   (no gloves)
MR       .....                  (no boots)
Stlth    ..........             (no amulet)
Regen    0.2/turn               j - ring of loudness (curse)
MPRegen  0.1/turn               n - ring of protection from cold

@: mighty, brilliant, slowed, very slow
A: negative energy resistance 1, electricity resistance, unbreathing,
petrification resistance, rot immunity, AC +4
a: no special abilities


You were on level 3 of the Dungeon.
You were not hungry.

You visited 1 branch of the dungeon, and saw 3 of its levels.

You collected 96 gold pieces.

Inventory:

Hand Weapons
 a - a +0 flail (weapon)
Armour
 b - a +0 scale mail (worn)
 c - a +0 shield (worn)
Jewellery
 j - a cursed ring of loudness (left hand)
 n - a ring of protection from cold (right hand)
Scrolls
 h - a scroll of teleportation
 i - 3 scrolls of identify
 m - a scroll of fear {unknown}
 p - a scroll of amnesia {unknown}
 q - a scroll of enchant weapon {unknown}
Potions
 d - a potion of might
 e - a potion of lignification
 k - 2 potions of brilliance
 o - a potion of flight {unknown}
Comestibles
 f - 2 bread rations
 g - 3 chunks of flesh
 l - 5 fruits


   Skills:
 + Level 3.9 Fighting
 + Level 3.6 Maces & Flails
 + Level 4.1 Armour
 + Level 0.1 Dodging
 + Level 4.2 Shields


You had 4 spell levels left.
You didn't know any spells.

Dungeon Overview and Level Annotations

Branches:
Dungeon (3/15)

Altars:


Innate Abilities, Weirdness & Mutations

You are resistant to torment.
Your stone body is resilient. (AC +4)
You are immune to poison.
You resist negative energy. (rN+)
You are resistant to electric shocks. (rElec)
You can survive without breathing.
You are immune to petrification.
You are immune to rotting.


Message History

* * * LOW HITPOINT WARNING * * *
x2 You block the orc wizard's attack.
The goblin hits you but does no damage. You block the orc's attack.
The orc wizard gestures at you while chanting.
The magic dart hits you!
* * * LOW HITPOINT WARNING * * *
You closely miss the orc wizard. You block the orc wizard's attack.
The goblin hits you but does no damage. The orc wizard casts a spell at you.
The magic dart hits you! The orc hits you but does no damage.
The goblin hits you but does no damage.
It was a potion of brilliance.
You feel clever all of a sudden.
The orc wizard hits you but does no damage.
You block the orc wizard's attack. The orc hits you but does no damage.
The goblin barely misses you.
The orc wizard mumbles some strange words.
The orc wizard blinks!
The goblin closely misses you.
The orc hits you with a flail of crushing.
You die...

## ####.########### ..
#......#...####
#####.###<...........#
... ..#.####.#...##.#
##.##...# #.##.###.#
..##..o....####........#
.....bo@......####.##..#
......g.....#.###.#.#..#
.###..#####...##.###..##
#.. ##.##.## ##.# #.
#.###.###..# #.
#.####.#.#.## .
#...........# ##
#######.##... #.##...


You could see an orc wizard, an orc, a goblin and a bat.

Vanquished Creatures
  An orc priest (D:3)
  Natasha (thrice) (D:2)
  2 worms (D:2)
  2 leopard geckos
  3 bats
  3 giant cockroaches (D:1)
  3 goblins
  8 hobgoblins
  5 kobolds
  A quokka (D:2)
  5 frilled lizards
  5 rats
41 creatures vanquished.

Notes
Turn   | Place    | Note
-------+----------+-------------------------------------------
     0 | D:1      | KleinerIrrer the Gargoyle Fighter began the quest for the Orb.
     0 | D:1      | Reached XP level 1. HP: 14/14 MP: 1/1
   248 | D:1      | Reached XP level 2. HP: 17/19 MP: 2/2
   887 | D:2      | Reached XP level 3. HP: 23/23 MP: 3/3
   970 | D:2      | Noticed Natasha
   986 | D:2      | Killed Natasha
   986 | D:2      | Reached XP level 4. HP: 16/29 MP: 4/4
  1010 | D:2      | Noticed Natasha
  1123 | D:2      | Killed Natasha
  1228 | D:2      | Noticed Natasha
  1238 | D:2      | Killed Natasha
  1402 | D:2      | Reached XP level 5. HP: 33/33 MP: 5/5
  1599 | D:3      | Slain by an orc

Skill      XL: |  1  2  3  4 |
---------------+-------------+-----
Maces & Flails | 3 |  3.6
Shields        | 4 |  4.2
Armour         | 4 |  4.1
Fighting       | |  3.9
Dodging        | |  0.1

Action                   |  1- 3 |  4- 6 || total
-------------------------+-------+-------++-------
Melee: Flail             |   100 |    75 ||   175
  Use: Scroll            |     2 |       ||     2
       Potion            |       |     2 ||     2
  Eat: Chunk             |       |     3 ||     3
Armor: Scale mail        |    63 |    32 ||    95
Dodge: Dodged            |    29 |    31 ||    60
Block: Shield            |    60 |    52 ||   112
